 Dungeon Crawl Stone Soup version 0.28-a0-1506-g3893175d92 (webtiles) character file.

Game seed: 5358629790179378655

84 tetreaultl the Magician (level 4, -3/31 HPs)
             Began as a Djinni Fire Elementalist on Jan 13, 2022.
             Slain by a wraith (4 damage)
             ... on level 5 of the Dungeon.
             The game lasted 00:16:30 (2898 turns).

tetreaultl the Magician (Djinni Fire Elementalist)  Turns: 2898, Time: 00:16:30

Health: -3/31      AC:  2    Str:  7    XL:     4   Next: 74%
Gold:   91         EV: 12    Int: 19    God:
                   SH:  0    Dex: 13

rFire   + + .      SeeInvis .   m - +1 short sword (drain)
rCold   x . .      Faith    .   (no shield)
rNeg    . . .      Spirit   .   a - +0 robe
rPois   ∞          Reflect  .   (no helmet)
rElec   .          Harm     .   (no cloak)
rCorr   .          Rampage  .   (no gloves)
Will    .....                   (boots unavailable)
Stlth   ++........              (no amulet)
HPRegen 0.10/turn               (no ring)
MPRegen 0.00/turn               (no ring)

@: flying, slowed, very slow
A: sickness immunity, fire resistance 2, cold vulnerability 1, float, innate
caster, hp casting, extra vitality 1
a: no special abilities


You were on level 5 of the Dungeon.
You visited 1 branch of the dungeon, and saw 4 of its levels.

You collected 91 gold pieces.

Inventory:

Hand Weapons
 b - a +0 dagger
 m - a +1 short sword of draining (weapon)
 n - a +0 whip
Missiles
 d - 56 stones
 e - 16 arrows
Armour
 a - a +0 robe (worn)
 l - a +2 leather armour of cold resistance
Scrolls
 f - 2 scrolls of identify {unknown}
 g - a scroll of vulnerability {unknown}
 i - a scroll of noise {unknown}
 k - 2 scrolls of enchant armour {unknown}
Potions
 c - a potion of might {unknown}
 h - a potion of flight {unknown}
 j - a potion of invisibility {unknown}


   Skills:
 + Level 0.4 Fighting
 + Level 0.4 Short Blades
 + Level 2.7 Dodging
 + Level 2.0 Stealth
 + Level 3.5 Spellcasting


You couldn't memorise any spells.
You knew the following spells:

 Your Spells              Type           Power      Damage    Failure   Level
a - Foxfire               Conj/Fire      64%        2x1d7     3%          1
b - Scorch                Fire           32%        2d6       5%          2
c - Conjure Flame         Conj/Fire      16%        6-21      11%         3
d - Inner Flame           Hex/Fire       16%        N/A       11%         3
e - Flame Wave            Conj/Fire      16%        2d5       34%         4
f - Freeze                Ice            64%        1d8       3%          1
Your spell library was empty.

Dungeon Overview and Level Annotations

Branches:
Dungeon (3/15)

Altars:

Shops:
D:2 (*


Innate Abilities, Weirdness & Mutations

You are immune to sickness and miasma.
You are immune to poison.
Your flesh is very heat resistant. (rF++)
You are vulnerable to cold. (rC-)
You float through the air rather than walking.
You learn spells naturally, not from books.
Your magical power is your life essence.
You have superior vitality. (+4 MHP)


Message History

Casting: Foxfire (safe; 3% risk of failure)
Confirm with . or Enter, or press ? or * to list all spells.
Flames lash the wraith.
The wraith is moderately damaged.
The wraith's fire resistance burns away.
Casting: Scorch (safe; 5% risk of failure)
Confirm with . or Enter, or press ? or * to list all spells.
Flames lash the wraith.
The wraith is burned terribly!
The wraith is almost destroyed.
You hit the wraith but do no damage.
The wraith is almost destroyed.
The wraith hits you but does no damage.
You completely miss the wraith.
The wraith is severely damaged.
The wraith hits you.
You hit the wraith but do no damage.
The wraith is severely damaged.
The wraith hits you but does no damage.
You barely miss the wraith. You punch the wraith, but do no damage.
The wraith is severely damaged.
The wraith misses you.
You hit the wraith but do no damage.
The wraith is severely damaged.
The wraith hits you. The wraith drains your vigour!
You feel yourself slow down.
You hit the wraith but do no damage.
The wraith is severely damaged.
The wraith hits you. The wraith drains your vigour!
You feel as though you will be slow longer.
The wraith hits you.
You hit the wraith but do no damage.
The wraith is severely damaged.
The wraith hits you!
* * * LOW HITPOINT WARNING * * *
The wraith drains your vigour!
You feel as though you will be slow longer.
You closely miss the wraith.
The wraith is severely damaged.
The wraith hits you.
You die...

##.#########
...........#
##.#######.# #....# #.#
#.##.# #.# #.# .# #.#
##.# .# #.#
...##.####.############
.#.##..........W@.....#
....)...##.##########.#
.#####.#.... ##
#..W...## ## #.######
.# # .# .# ##


You could see a wraith (combustible).

Vanquished Creatures
  3 adders (D:2)
  An adder skeleton (D:3)
  A worm (D:2)
  2 dart slugs (D:2)
  2 orcs
  8 ball pythons
  3 bats
  3 endoplasms
  2 giant cockroaches (D:1)
  4 goblins
  A hobgoblin (D:1)
  8 kobolds
  A quokka (D:1)
  4 frilled lizards
43 creatures vanquished.

Vanquished Creatures (others)
  67 foxfires
67 creatures vanquished.

Grand Total: 110 creatures vanquished

Notes
Turn   | Place    | Note
-------+----------+-------------------------------------------
     0 | D:1      | tetreaultl the Djinni Fire Elementalist began the quest for
                  | the Orb.
     0 | D:1      | Reached XP level 1. HP: 15/15 MP: 0/0
   355 | D:1      | Reached XP level 2. HP: 15/21 MP: 0/0
  1142 | D:2      | Reached XP level 3. HP: 22/25 MP: 0/0
  1142 | D:2      | Learned a level 1 spell: Freeze
  1145 | D:2      | Reached skill level 3 in Spellcasting
  1472 | D:2      | Found Muenocru's Weapon Boutique.
  1680 | D:2      | Reached XP level 4. HP: 26/31 MP: 0/0
  2223 | D:2      | Found Wuel's General Store.
  2809 | D:3      | You are sucked into a shaft and drop 2 floors!
  2809 | D:5      | Entered Level 5 of the Dungeon
  2881 | D:5      | Noticed a wraith
  2897 | D:5      | HP: 1/31 [wraith (14)]
  2898 | D:5      | Slain by a wraith

Illustrated notes

Levels and vault maps discovered:
D:1:      amcnicky_arrival_abandoned_market, layout_loops_ring,
          minmay_misc_feat_secret_circle
D:2:      layout_basic, serial_shops, nicolae_lakefront_shop,
          nicolae_shop_statue_plus
D:3:      layout_rooms, serial_bayou_pond_e
D:5:      layout_loops_ring, chequers_garden, grunt_ministairs_12,
          kennysheep_generic_room_16

Skill      XL: |  1  2  3  4 |
---------------+-------------+-----
Spellcasting   | 3 |  3.5
Stealth        | 2 |  2.0
Fighting       | |  0.4
Short Blades   | |  0.4
Dodging        | |  2.7

Action                   |  1- 3 |  4- 6 || total
-------------------------+-------+-------++-------
Melee: Dagger            |    20 |     9 ||    29
       Short sword       |       |    14 ||    14
       Punch             |       |     1 ||     1
 Cast: Foxfire           |    24 |    21 ||    45
       Scorch            |     8 |     7 ||    15
Armor: Robe              |    14 |     9 ||    23
Dodge: Dodged            |    27 |    20 ||    47

Table legend: (Time is in decaauts)
 A = Elapsed time spent in this place.
 B = Non-inter-level travel time spent in this place.
 C = Inter-level travel time spent in this place.
 D = Time resting spent in this place.
 E = Time spent auto-exploring this place.
 F = Levels seen in this place.
 G = Mean time per level.
                   A        B        C        D        E       F      G
               +--------+--------+--------+--------+--------+-----+--------+
         Total |   2897 |   2752 |    145 |    250 |   1565 |   4 |  724.2 |
       Dungeon |   2897 |   2752 |    145 |    250 |   1565 |   4 |  724.2 |
               +--------+--------+--------+--------+--------+-----+--------+

Top non-repeatable levels by time:
     D:2: 1327 daAuts
     D:1: 1093 daAuts
     D:3: 385 daAuts
     D:5: 90 daAuts
